[Event "Team 45 45 League T90"]
[Site "Internet Chess Club"]
[Date "2021.11.07"]
[Round "5"]
[White "Sloggi"]
[Black "Goli"]
[Result "1/2-1/2"]
[WhiteElo "1924"]
[BlackElo "1765"]
[Opening "Benkö gambit"]
[ECO "A57"]
[Time "11:07:42"]
[PlyCount "114"]
[TimeControl "2700+45"]

1. d4 Nf6 2. c4 c5 3. d5 b5 4. a4 bxc4 5. Nc3 d6 6. e4 a5 7. Bxc4 Ba6 8. Qd3
Bxc4 9. Qxc4 Nbd7 10. Nf3 g6 11. O-O Bg7 12. h3 O-O 13. Re1 Nb6 14. Qd3 c4 15.
Qc2 Nfd7 16. Be3 Ne5 17. Nxe5 Bxe5 18. f4 Bg7 19. Rad1 Bxc3 20. bxc3 Nd7 21. Bd4
f6 22. Kh1 Qc7 23. Qe2 Rab8 24. Rb1 Rxb1 25. Rxb1 Rb8 26. Rb5 Rxb5 27. axb5 a4
28. Qa2 Qa5 29. Qxc4 a3 30. Qb4 Qxb4 31. cxb4 Kf7 32. Kg1 Ke8 33. Kf1 Kd8 34.
Ke1 Kc7 35. Kd1 a2 36. Kc1 a1=Q+ 37. Bxa1 Kb6 38. Kc2 Kxb5 39. Kb3 Nb6 40. Bd4
Nc4 41. Kc3 h5 42. g4 hxg4 43. hxg4 Na3 44. e5 fxe5 45. fxe5 dxe5 46. Bxe5 Nc4
47. Bf4 Nb6 48. Kd4 Kxb4 49. Bg5 Nc8 50. Ke5 Kc4 51. Be3 Kd3 52. Bg1 Kc4 53. Ke6
Nd6 54. Bh2 Ne4 55. Bg1 Ng5+ 56. Kxe7 Kxd5 57. Kf6 Nf3 {Game drawn by mutual
agreement} 1/2-1/2

[Event "Team 45 45 League T90"]
[Site "Internet Chess Club"]
[Date "2021.11.08"]
[Round "5"]
[White "cityprosecutor"]
[Black "DeepPoo"]
[Result "1-0"]
[WhiteElo "1731"]
[BlackElo "1687"]
[Opening "French: King's Indian attack"]
[ECO "C00"]
[Time "10:00:18"]
[PlyCount "81"]
[TimeControl "2700+45"]

1. e4 e6 2. d3 d5 3. Nd2 dxe4 4. Nxe4 Nf6 5. Nxf6+ Qxf6 6. g3 Bd7 7. Bg2 Bc6 8.
Nf3 Bd6 9. d4 h6 10. O-O Nd7 11. c4 b6 12. a3 O-O 13. Bd2 Rad8 14. Bc3 Ba8 15.
Re1 Rfe8 16. Nd2 Bxg2 17. Kxg2 Qg6 18. Ne4 Nf6 19. Nxd6 cxd6 20. Qa4 Re7 21. b4
Rc7 22. Qb3 Rdc8 23. c5 bxc5 24. dxc5 dxc5 25. Be5 c4 26. Qa4 Re7 27. Bd6 Rd7
28. Bc5 Rcd8 29. b5 Rc7 30. Bxa7 Rd2 31. b6 Qf5 32. bxc7 Qd5+ 33. Kg1 Qb7 34.
Qb4 Qxa7 35. Qxd2 Qxc7 36. Rac1 Nd7 37. Red1 Qa7 38. Qxd7 Qxa3 39. Qd4 g6 40.
Rxc4 Qf3 41. Rc8+ {Black forfeits on time} 1-0

[Event "Team 45 45 League T90"]
[Site "Internet Chess Club"]
[Date "2021.11.07"]
[Round "5"]
[White "ILRE"]
[Black "Egmont"]
[Result "1-0"]
[WhiteElo "1634"]
[BlackElo "1533"]
[Opening "Queen's pawn, Mason variation"]
[ECO "D00"]
[Time "08:01:37"]
[PlyCount "49"]
[TimeControl "2700+45"]

1. d4 d5 2. Bf4 Nf6 3. e3 e6 4. Nf3 c5 5. c3 Qb6 6. Qb3 Nbd7 7. Nbd2 c4 8. Qc2
Bd6 9. Bxd6 Qxd6 10. Be2 O-O 11. e4 Nxe4 12. Nxe4 dxe4 13. Qxe4 Nf6 14. Qc2 Qc6
15. O-O b5 16. Ne5 Qc7 17. a4 Bd7 18. axb5 Bxb5 19. Bf3 Rab8 20. Rfe1 Rfd8 21.
Re3 Nd5 22. Bxd5 exd5 23. Qf5 Bd7 24. Qxf7+ Kh8 25. Rg3 {Black resigns} 1-0

[Event "Team 45 45 League T90"]
[Site "Internet Chess Club"]
[Date "2021.11.07"]
[Round "5"]
[White "ascoli"]
[Black "filmdirector"]
[Result "0-1"]
[WhiteElo "1519"]
[BlackElo "1354"]
[Opening "Ruy Lopez: Caro variation"]
[ECO "C70"]
[Time "14:15:30"]
[PlyCount "43"]
[TimeControl "2700+45"]

1. e4 e5 2. Nf3 Nc6 3. Bb5 a6 4. Ba4 b5 5. Bb3 Nf6 6. d3 Bc5 7. O-O d6 8. a4 Rb8
9. h3 O-O 10. Re1 Be6 11. Nbd2 Nd7 12. axb5 axb5 13. c3 b4 14. Bxe6 fxe6 15. c4
Qf6 16. Nf1 Nd4 17. N1h2 Rf7 18. Bg5 Qg6 19. Be3 Rbf8 20. Rf1 Nxf3+ 21. Nxf3
Rxf3 22. Bxc5 {White resigns} 0-1

[Event "Team 45 45 League T90"]
[Site "Internet Chess Club"]
[Date "2021.11.04"]
[Round "5"]
[White "qs16"]
[Black "fileman"]
[Result "0-1"]
[WhiteElo "1643"]
[BlackElo "1796"]
[Opening "Queen's pawn: Lundin (Kevitz-Mikenas) defense"]
[ECO "A40"]
[Time "15:20:24"]
[PlyCount "98"]
[TimeControl "2700+45"]

1. d4 Nc6 2. e3 e5 3. c3 d5 4. dxe5 Nxe5 5. Nf3 Nxf3+ 6. Qxf3 Nf6 7. h3 Bd6 8.
Bd3 Be6 9. Nd2 c6 10. b3 O-O 11. Bb2 Nd7 12. Qh5 g6 13. Qe2 Be5 14. Nf3 Bg7 15.
O-O f6 16. Nd4 Bf7 17. c4 Ne5 18. cxd5 Nxd3 19. Qxd3 Bxd5 20. e4 Bf7 21. Rad1
Qa5 22. Bc3 Qb6 23. Qc2 Rad8 24. Nf3 Qc5 25. Qb2 Qe7 26. e5 Rxd1 27. Rxd1 Bd5
28. exf6 Bxf6 29. Bxf6 Qxf6 30. Qxf6 Rxf6 31. Ne1 Re6 32. Nc2 Re2 33. Ne3 Be6
34. a3 Kf7 35. b4 Ke7 36. Rd3 Rb2 37. Kf1 b6 38. Ke1 c5 39. bxc5 bxc5 40. h4 a5
41. Nd1 Rb1 42. Re3 Kd6 43. Kd2 c4 44. f3 h5 45. Rc3 Kc5 46. Re3 Bf5 47. Re8 Rb3
48. Ne3 c3+ 49. Kc1 Rb1# {White checkmated} 0-1

[Event "Team 45 45 League T90"]
[Site "Internet Chess Club"]
[Date "2021.11.03"]
[Round "5"]
[White "bobhill"]
[Black "nidusin2"]
[Result "1-0"]
[WhiteElo "1890"]
[BlackElo "1601"]
[Opening "Queen's pawn: Torre attack"]
[ECO "A40"]
[Time "21:31:23"]
[PlyCount "41"]
[TimeControl "2700+45"]

1. d4 e6 2. Nf3 Nf6 3. Bg5 Be7 4. Nbd2 d5 5. e3 O-O 6. Bd3 Nbd7 7. O-O c5 8. c3
h6 9. Bh4 Re8 10. e4 dxe4 11. Nxe4 Nxe4 12. Bxe7 Nxf2 13. Bxd8 Nxd1 14. Raxd1
Rxd8 15. dxc5 Kf8 16. b4 Nf6 17. Ne5 Nd5 18. Rxf7+ Kg8 19. c4 Nxb4 20. Bh7+ Kxh7
21. Rxd8 {Black resigns} 1-0

[Event "Team 45 45 League T90"]
[Site "Internet Chess Club"]
[Date "2021.11.07"]
[Round "5"]
[White "Timmah4651"]
[Black "Rookmaster"]
[Result "0-1"]
[WhiteElo "1630"]
[BlackElo "1480"]
[Opening "Sicilian: Alapin's variation (2.c3)"]
[ECO "B22"]
[Time "07:00:42"]
[PlyCount "104"]
[TimeControl "2700+45"]

1. e4 c5 2. c3 d5 3. exd5 Qxd5 4. d4 cxd4 5. cxd4 Nc6 6. Nf3 e6 7. Nc3 Bb4 8.
Be2 Nf6 9. O-O Bxc3 10. bxc3 O-O 11. Qc2 e5 12. Rd1 exd4 13. cxd4 Bf5 14. Qb2
Rae8 15. Be3 Ng4 16. Bf4 Qe4 17. Bd6 Qxe2 18. Qxe2 Rxe2 19. Bxf8 Kxf8 20. d5
Nce5 21. Nd4 Rxf2 22. h3 Rxg2+ 23. Kxg2 Ne3+ 24. Kg3 Nxd1 25. Nxf5 Nc3 26. Re1
f6 27. d6 g6 28. Nd4 Ke8 29. Nf3 Kd7 30. Nxe5+ fxe5 31. Rxe5 Kxd6 32. Re3 Nxa2
33. Ra3 Nb4 34. Rxa7 Kc6 35. Ra8 Kc5 36. Rc8+ Nc6 37. Rc7 b5 38. Rxh7 b4 39. Rb7
Kc4 40. Kf4 Nd4 41. Kg5 b3 42. Kxg6 Kc3 43. h4 b2 44. h5 Nb3 45. Rc7+ Kd4 46.
Rd7+ Ke5 47. Re7+ Kd6 48. Re1 Nc1 49. Rd1+ Kc5 50. h6 b1=Q+ 51. Kg7 Qb2+ 52. Kf8
Qf6+ {White resigns} 0-1

[Event "Team 45 45 League T90"]
[Site "Internet Chess Club"]
[Date "2021.11.04"]
[Round "5"]
[White "BrianWood"]
[Black "fireball"]
[Result "1/2-1/2"]
[WhiteElo "1523"]
[BlackElo "1561"]
[Opening "Modern defense"]
[ECO "A40"]
[Time "18:12:19"]
[PlyCount "57"]
[TimeControl "2700+45"]

1. d4 g6 2. c4 Bg7 3. Nf3 Nf6 4. g3 c5 5. d5 O-O 6. Nc3 d6 7. Bg2 e5 8. O-O Nbd7
9. e4 Nb6 10. b3 Ne8 11. Bg5 f6 12. Bd2 f5 13. exf5 Bxf5 14. Ng5 h6 15. Ne6 Bxe6
16. dxe6 Qe7 17. a4 a5 18. Qg4 g5 19. Nb5 Nf6 20. Qe2 Ne8 21. Rad1 Rb8 22. Bxa5
Na8 23. b4 b6 24. bxc5 bxc5 25. Bc6 Nb6 26. Bxb6 Rxb6 27. Bxe8 Rxe8 28. Qe4 Ra6
29. Rd2 {Game drawn by mutual agreement} 1/2-1/2

[Event "Team 45 45 League T90"]
[Site "Internet Chess Club"]
[Date "2021.11.06"]
[Round "5"]
[White "zugknightly"]
[Black "Sloggi"]
[Result "1-0"]
[WhiteElo "1943"]
[BlackElo "1931"]
[Opening "QGD Slav: 4.Nc3"]
[ECO "D15"]
[Time "10:07:37"]
[PlyCount "53"]
[TimeControl "2700+45"]

1. d4 d5 2. c4 c6 3. Nc3 Nf6 4. Nf3 a6 5. a4 e6 6. g3 dxc4 7. Bg2 c5 8. dxc5
Qxd1+ 9. Nxd1 Nc6 10. Ne3 Bxc5 11. Nxc4 Bd7 12. O-O Ke7 13. Nfe5 Rac8 14. Rd1
Rhd8 15. Bd2 Nd5 16. Nxc6+ Bxc6 17. Ne5 f6 18. Nxc6+ Rxc6 19. e3 Bd6 20. e4 Nb6
21. e5 Bxe5 22. Bxc6 bxc6 23. Bb4+ Ke8 24. Rxd8+ Kxd8 25. Ba5 Bd4 26. Rd1 e5 27.
Bxb6+ {Black resigns} 1-0

[Event "Team 45 45 League T90"]
[Site "Internet Chess Club"]
[Date "2021.11.08"]
[Round "5"]
[White "room-matt"]
[Black "Ajolote"]
[Result "0-1"]
[WhiteElo "1812"]
[BlackElo "1952"]
[Opening "Sicilian: closed, 6.Be3"]
[ECO "B26"]
[Time "09:41:58"]
[PlyCount "154"]
[TimeControl "2700+45"]

1. e4 c5 2. Nc3 Nc6 3. g3 g6 4. Bg2 Bg7 5. d3 d6 6. Be3 Rb8 7. Qd2 b5 8. Nge2
Nd4 9. O-O b4 10. Nd1 a5 11. c3 Nxe2+ 12. Qxe2 Ba6 13. f4 Nf6 14. Rc1 O-O 15. f5
Nd7 16. Qd2 Ne5 17. c4 a4 18. b3 axb3 19. axb3 Nc6 20. Bh6 Nd4 21. Bxg7 Kxg7 22.
Qb2 f6 23. Ne3 Bb7 24. Ra1 Qb6 25. g4 Ra8 26. h4 Rxa1 27. Rxa1 Ra8 28. Rxa8 Bxa8
29. Kh2 Qa5 30. Nc2 Nxc2 31. Qxc2 Qa1 32. Kh3 Qc3 33. Qd1 Bc6 34. Bf3 Ba4 35.
bxa4 b3 36. a5 b2 37. a6 Qc1 38. a7 Qxd1 39. Bxd1 b1=Q 40. a8=Q Qxd3+ 41. Kh2
Qxd1 42. Qb7 Qd2+ 43. Kh1 Qc1+ 44. Kg2 Qc2+ 45. Kf3 Qc3+ 46. Kg2 Qe5 47. Kf3 Kh6
48. Qd5 Qc3+ 49. Kg2 Qb2+ 50. Kf3 Qc3+ 51. Kg2 Qe3 52. h5 Qf4 53. fxg6 Qxg4+ 54.
Kf2 hxg6 55. hxg6 Qxg6 56. Qe6 Qg7 57. Qh3+ Kg6 58. Qf5+ Kf7 59. Qd5+ e6 60.
Qxd6 Qf8 61. Qf4 Qd8 62. Ke2 Qa5 63. Qb8 Qa2+ 64. Kd3 Qf2 65. Qd6 Qf1+ 66. Kc3
Qc1+ 67. Kb3 Qe3+ 68. Ka4 f5 69. exf5 exf5 70. Qd5+ Kf6 71. Qd6+ Kg5 72. Kb5 f4
73. Qd5+ Kg4 74. Qg8+ Kh3 75. Qc8+ Kg3 76. Qg8+ Kf2 77. Qd5 f3 {White resigns}
0-1

[Event "Team 45 45 League T90"]
[Site "Internet Chess Club"]
[Date "2021.11.07"]
[Round "5"]
[White "MrAbendroth"]
[Black "cadmiumorange"]
[Result "0-1"]
[WhiteElo "1666"]
[BlackElo "1874"]
[Opening "Scandinavian defense"]
[ECO "B01"]
[Time "14:00:29"]
[PlyCount "74"]
[TimeControl "2700+45"]

1. e4 d5 2. exd5 Nf6 3. Bb5+ Nbd7 4. c4 a6 5. Ba4 b5 6. cxb5 Nxd5 7. Nc3 N5b6 8.
Qf3 Nc5 9. bxa6+ Nbxa4 10. Nxa4 Nd3+ 11. Kf1 Rxa6 12. Nc3 Re6 13. Nge2 Rf6 14.
Qg3 Nxf2 15. Kg1 Nxh1 16. Kxh1 Rf1+ 17. Ng1 Qd4 18. Ne2 Qd6 19. Qc3 e5 20. Ng3
Rd1 21. Qf3 Rxg1+ 22. Kxg1 Qd4+ 23. Kh1 Bc5 24. Ne2 Qf2 25. Qxf2 Bxf2 26. d3 Ba6
27. Ng3 Bxd3 28. Bd2 O-O 29. Nf1 f5 30. Bb4 c5 31. Bc3 e4 32. Nd2 f4 33. a4 f3
34. gxf3 e3 35. Ne4 Rxf3 36. Nxf2 exf2 37. Kg2 f1=Q+ {White resigns} 0-1

[Event "Team 45 45 League T90"]
[Site "Internet Chess Club"]
[Date "2021.11.08"]
[Round "5"]
[White "fhunfi"]
[Black "ascoli"]
[Result "1-0"]
[WhiteElo "1749"]
[BlackElo "1512"]
[Opening "French: Winawer (Nimzovich) variation"]
[ECO "C15"]
[Time "10:00:39"]
[PlyCount "41"]
[TimeControl "2700+45"]

1. e4 e6 2. d4 d5 3. Nc3 Bb4 4. exd5 exd5 5. Qf3 Ne7 6. Bd2 Bf5 7. O-O-O O-O 8.
Nge2 c6 9. h3 Nd7 10. g4 Bg6 11. h4 h6 12. h5 Bh7 13. Qg3 Bxc3 14. Nxc3 b5 15.
Bd3 Bxd3 16. Qxd3 a5 17. g5 hxg5 18. Bxg5 b4 19. Ne2 c5 20. Rdg1 cxd4 21. Bh6
{Black resigns} 1-0

[Event "Team 45 45 League T90"]
[Site "Internet Chess Club"]
[Date "2021.11.05"]
[Round "5"]
[White "achessman"]
[Black "HomerSimpson"]
[Result "1/2-1/2"]
[WhiteElo "1875"]
[BlackElo "2000"]
[Opening "English opening"]
[ECO "A05"]
[Time "22:01:59"]
[PlyCount "41"]
[TimeControl "2700+45"]

1. Nf3 Nf6 2. c4 e6 3. g3 b6 4. Bg2 Bb7 5. O-O h5 6. b3 h4 7. Nxh4 Bxg2 8. Nxg2
Ng4 9. h4 Qf6 10. Nc3 g5 11. f3 Ne5 12. d4 gxh4 13. Nxh4 Rxh4 14. gxh4 Qxh4 15.
Rf2 Ng6 16. Rh2 Qg3+ 17. Rg2 Qh3 18. Rh2 Qg3+ 19. Rg2 Qh3 20. Rh2 Qg3+ 21. Rg2
{Game drawn by repetition} 1/2-1/2

[Event "Team 45 45 League T90"]
[Site "Internet Chess Club"]
[Date "2021.11.06"]
[Round "5"]
[White "primerpaso"]
[Black "laurenpar"]
[Result "1/2-1/2"]
[WhiteElo "1905"]
[BlackElo "1927"]
[Opening "English: Anglo-Dutch defense"]
[ECO "A10"]
[Time "04:04:06"]
[PlyCount "33"]
[TimeControl "2700+45"]

1. c4 f5 2. g3 Nf6 3. Bg2 d6 4. Nc3 e5 5. d4 Be7 6. Nf3 e4 7. Ng5 c6 8. d5 Nxd5
9. cxd5 Bxg5 10. Bxg5 Qxg5 11. dxc6 Nxc6 12. Qxd6 Qe7 13. Qxe7+ Kxe7 14. Nd5+
Kf7 15. O-O Be6 16. Nc3 Rad8 17. Rad1 {Game drawn by mutual agreement} 1/2-1/2

[Event "Team 45 45 League T90"]
[Site "Internet Chess Club"]
[Date "2021.11.07"]
[Round "5"]
[White "ElValero"]
[Black "fishhead"]
[Result "0-1"]
[WhiteElo "1651"]
[BlackElo "1747"]
[Opening "Sicilian: accelerated fianchetto, Maróczy bind, 6.Be3"]
[ECO "B38"]
[Time "14:00:30"]
[PlyCount "78"]
[TimeControl "2700+45"]

1. Nf3 c5 2. c4 g6 3. d4 cxd4 4. Nxd4 Bg7 5. e4 Nc6 6. Be3 Qa5+ 7. Nc3 Nf6 8. f3
O-O 9. Be2 e6 10. O-O d5 11. Nxc6 bxc6 12. cxd5 cxd5 13. exd5 Nxd5 14. Nxd5 Qxd5
15. Qxd5 exd5 16. Rad1 Re8 17. Kf2 d4 18. Bxd4 Rxe2+ 19. Kxe2 Ba6+ 20. Ke3 Re8+
21. Kf4 Bxd4 22. Rfe1 Rxe1 23. Rxe1 Bxb2 24. h4 Bc4 25. h5 Bxa2 26. h6 Be6 27.
Rb1 Ba3 28. Kg5 Be7+ 29. Kf4 a5 30. Rb8+ Bf8 31. Ke5 a4 32. Ra8 a3 33. g4 Bc4
34. g5 Be2 35. f4 Bf3 36. Ra7 Bb4 37. Rc7 a2 38. Rc8+ Bf8 39. Rc1 Bg4 {White
resigns} 0-1

[Event "Team 45 45 League T90"]
[Site "Internet Chess Club"]
[Date "2021.11.08"]
[Round "5"]
[White "Portola"]
[Black "QuieroAprender"]
[Result "0-1"]
[WhiteElo "1719"]
[BlackElo "1638"]
[Opening "Queen's Pawn"]
[ECO "A41"]
[Time "19:15:42"]
[PlyCount "116"]
[TimeControl "2700+45"]

1. d4 d6 2. Nf3 Nd7 3. Bf4 b6 4. e3 Ngf6 5. h3 g6 6. c3 Bb7 7. Nbd2 Nh5 8. Bh2
f5 9. Qb3 Nhf6 10. Ng5 Bd5 11. c4 Bg8 12. Bd3 e5 13. dxe5 dxe5 14. Be2 Bd6 15.
Ngf3 e4 16. Nd4 Bxh2 17. Rxh2 c5 18. Nc2 Ne5 19. O-O-O Qc7 20. Rhh1 O-O-O 21.
Nb1 Be6 22. Nba3 a6 23. Qc3 Rxd1+ 24. Rxd1 Rd8 25. Rxd8+ Kxd8 26. b4 Ned7 27.
bxc5 bxc5 28. Na1 Ke7 29. g3 h5 30. Nb3 h4 31. Qe1 hxg3 32. fxg3 Ne5 33. Qa5
Qxa5 34. Nxa5 Nf3 35. Nb7 Nd7 36. h4 Ng1 37. Bf1 Nf3 38. Kb2 Nfe5 39. Kc3 Ng4
40. Kd2 Nf2 41. Nb1 Nh1 42. g4 fxg4 43. Bg2 Nf2 44. Ke2 g3 45. Nd2 Bg4+ 46. Kf1
Bf5 47. Ke2 Kf6 48. Nd6 Ke5 49. Nf7+ Kf6 50. Nd6 Ne5 51. N6xe4+ Nxe4 52. Bxe4
Nxc4 53. Bxf5 Nxd2 54. Bh3 Ne4 55. Kf3 Ke5 56. Bd7 c4 57. Bc6 c3 58. Bxe4 g2
{White resigns} 0-1

[Event "Team 45 45 League T90"]
[Site "Internet Chess Club"]
[Date "2021.11.06"]
[Round "5"]
[White "ascoli"]
[Black "Timmah4651"]
[Result "0-1"]
[WhiteElo "1544"]
[BlackElo "1654"]
[Opening "Réti: King's Indian attack, French variation"]
[ECO "C00"]
[Time "07:04:09"]
[PlyCount "27"]
[TimeControl "2700+45"]

1. e4 e6 2. d3 d5 3. Nd2 c5 4. Ngf3 Nc6 5. g3 Nf6 6. Bg2 Be7 7. O-O O-O 8. Re1
Re8 9. e5 Nd7 10. h4 f6 11. Qe2 fxe5 12. Nf1 Rf8 13. Ne3 Nd4 14. Ng4 {White
resigns} 0-1

[Event "Team 45 45 League T90"]
[Site "Internet Chess Club"]
[Date "2021.11.07"]
[Round "5"]
[White "Grenadier"]
[Black "Electryon"]
[Result "0-1"]
[WhiteElo "1508"]
[BlackElo "1444"]
[Opening "French: advance, Euwe variation"]
[ECO "C02"]
[Time "20:00:48"]
[PlyCount "118"]
[TimeControl "2700+45"]

1. e4 e6 2. d4 d5 3. e5 c5 4. c3 Nc6 5. Nf3 Bd7 6. dxc5 Bxc5 7. Bd3 Nge7 8. O-O
Ng6 9. Qe2 Qc7 10. Re1 O-O-O 11. Bg5 Rdf8 12. b4 Be7 13. Bxe7 Ncxe7 14. a4 Nf4
15. Qd2 Nxd3 16. Qxd3 h5 17. a5 a6 18. Na3 h4 19. c4 Kb8 20. Rac1 Rc8 21. Rc2
Ba4 22. Rc3 Nf5 23. Rec1 d4 24. R3c2 Bxc2 25. Rxc2 h3 26. c5 hxg2 27. Nc4 Qe7
28. Nd6 Rcd8 29. Qe4 Nxd6 30. exd6 Qd7 31. Nxd4 e5 32. Nf5 Qc6 33. Qxc6 bxc6 34.
Kxg2 g6 35. Ne7 Kb7 36. Re2 Rh4 37. Rxe5 Rxb4 38. Re3 Rb5 39. Rf3 Rxc5 40. Rxf7
Rd7 41. Rg7 g5 42. Rg6 Rxa5 43. Kg3 Re5 44. Kg4 a5 45. Rf6 a4 46. Rf3 Rxd6 47.
Nf5 Rf6 48. Ra3 Rexf5 49. Rxa4 Rf4+ 50. Kxg5 Rxa4 51. Kxf6 Rf4+ 52. Kg5 Rxf2 53.
h4 Kb6 54. h5 Kb5 55. h6 Kb4 56. h7 Rh2 57. Kg6 c5 58. Kg7 c4 59. h8=Q Rxh8
{White resigns} 0-1

[Event "Team 45 45 League T90"]
[Site "Internet Chess Club"]
[Date "2021.07.30"]
[Round "5"]
[White "seattleblues"]
[Black "clarinetref"]
[Result "0-1"]
[WhiteElo "1330"]
[BlackElo "1482"]
[Opening "Queen's gambit accepted"]
[ECO "D23"]
[Time "20:05:07"]
[PlyCount "78"]
[TimeControl "2700+45"]

1. d4 d5 2. Nf3 Nf6 3. c4 dxc4 4. a4 Nc6 5. Nc3 Bg4 6. e3 Na5 7. Bd2 e6 8. h3
Bf5 9. Ne5 Nb3 10. Ra2 Nxd2 11. Qxd2 Bb4 12. Bxc4 c5 13. Bb5+ Ke7 14. O-O Ne4
15. Qc1 Qa5 16. Nxe4 Bxe4 17. f3 Bd5 18. Bc4 Bd2 19. Qd1 Bxe3+ 20. Kh1 cxd4 21.
Bxd5 Qxd5 22. Qc2 Qxe5 23. Qb3 b6 24. Raa1 Rhd8 25. Rfe1 Qg3 26. Qb4+ Qd6 27.
Qxd6+ Rxd6 28. Rad1 Rad8 29. Rd3 Bf4 30. Re4 e5 31. b3 Rc8 32. Rd1 f5 33. Re2 d3
34. Rb2 Rc2 35. Rbb1 e4 36. fxe4 fxe4 37. Rf1 Bh6 38. Rfe1 e3 39. Rf1 Rf6 {White
resigns} 0-1 This is an old game, July.

[Event "Team 45 45 League T90"]
[Site "Internet Chess Club"]
[Date "2021.11.05"]
[Round "5"]
[White "elmaestro"]
[Black "Portola"]
[Result "1-0"]
[WhiteElo "1636"]
[BlackElo "1730"]
[Opening "Queen's pawn: stonewall attack"]
[ECO "D00"]
[Time "14:08:37"]
[PlyCount "77"]
[TimeControl "2700+45"]

1. d4 d5 2. e3 Nf6 3. Bd3 Bg4 4. f3 Bh5 5. Ne2 e6 6. O-O Be7 7. Ng3 Bg6 8. c3 c6
9. e4 dxe4 10. fxe4 Qb6 11. Na3 O-O 12. Nc4 Qd8 13. Ne5 Nfd7 14. Nxg6 hxg6 15.
e5 Nb6 16. Rxf7 Rxf7 17. Bxg6 Kf8 18. Qh5 Ke8 19. Bxf7+ Kd7 20. Bxe6+ Kc7 21.
Qf7 Qf8 22. Qxf8 Bxf8 23. Bg5 N8d7 24. Rf1 Re8 25. Bg4 Nd5 26. Rf7 Ne7 27. Bxd7
Kxd7 28. Bxe7 Bxe7 29. Nf5 Ke6 30. Rxe7+ Rxe7 31. Nxe7 Kxe7 32. Kf2 Ke6 33. c4
c5 34. Ke3 g5 35. Ke4 cxd4 36. Kxd4 b6 37. b4 g4 38. Ke4 a6 39. a4 {Black
resigns} 1-0

[Event "Team 45 45 League T90"]
[Site "Internet Chess Club"]
[Date "2021.11.05"]
[Round "5"]
[White "marioseixas1992"]
[Black "AlWynJones"]
[Result "1-0"]
[WhiteElo "1452"]
[BlackElo "1306"]
[Opening "Sicilian: dragon, Levenfish variation"]
[ECO "B71"]
[Time "15:15:05"]
[PlyCount "59"]
[TimeControl "2700+45"]

1. e4 c5 2. Nf3 d6 3. d4 cxd4 4. Nxd4 Nf6 5. Nc3 g6 6. f4 Bg7 7. Bc4 O-O 8. h3
Nxe4 9. Nxe4 d5 10. Bb3 dxe4 11. Be3 Nc6 12. Nxc6 Qxd1+ 13. Rxd1 bxc6 14. Bc5
Bxb2 15. Bxe7 Bc3+ 16. Ke2 Ba6+ 17. Ke3 Rfe8 18. Bc5 Bc8 19. Ba4 Re6 20. Rd8+
Kg7 21. Rhd1 Bb7 22. Rxa8 Bxa8 23. Rd8 Bb7 24. Bb3 Ba5 25. Rb8 Bb6 26. Bxb6 Re7
27. Bd4+ f6 28. Rg8+ Kh6 29. Bxf6 Rd7 30. Bg5+ {Black resigns} 1-0

[Event "Team 45 45 League T90"]
[Site "Internet Chess Club"]
[Date "2021.11.04"]
[Round "5"]
[White "trogers41"]
[Black "nosir"]
[Result "1/2-1/2"]
[WhiteElo "1357"]
[BlackElo "1406"]
[Opening "Pirc defense"]
[ECO "B07"]
[Time "17:00:26"]
[PlyCount "160"]
[TimeControl "2700+45"]

1. e4 d6 2. d4 Nf6 3. Nc3 Nbd7 4. Nf3 c6 5. Bc4 h6 6. O-O Qc7 7. Re1 e5 8. dxe5
dxe5 9. a3 a5 10. Be3 Ng4 11. h3 Nxe3 12. Rxe3 Bc5 13. Re1 O-O 14. Qe2 b5 15.
Ba2 Nb6 16. Red1 Ba6 17. b4 axb4 18. axb4 Bxb4 19. Qe3 Nd7 20. Bb3 Bb7 21. Rxa8
Rxa8 22. Ne2 Nf6 23. Ng3 Bc8 24. Nh4 Bf8 25. Nhf5 c5 26. Bd5 Ra6 27. Qb3 b4 28.
Ne3 Be6 29. Bxe6 Rxe6 30. Nd5 Qc8 31. Qc4 Nd7 32. Nf5 Kh7 33. c3 bxc3 34. Qxc3
Nf6 35. Qc4 g6 36. Nfe3 Qb7 37. Nxf6+ Rxf6 38. Nd5 Rd6 39. Qxc5 Qb8 40. Qc4 Kg7
41. Rd3 Rd8 42. Rb3 Qa8 43. Rb6 Rc8 44. Qb3 Qa1+ 45. Kh2 Bc5 46. Rb7 Bxf2 47.
Rxf7+ Kxf7 48. Qf3+ Ke8 49. Qxf2 Rc1 50. Kg3 Qa3+ 51. Kh2 Qa1 52. Kg3 Rf1 53.
Qc5 Qe1+ 54. Kg4 Qxe4+ 55. Kg3 Qe1+ 56. Kg4 h5+ 57. Kg5 Qd2+ 58. Kxg6 Qxg2+ 59.
Kh6 Qd2+ 60. Kg6 Qd3+ 61. Kh6 Qa6+ 62. Kg5 Rg1+ 63. Kf5 Qd3+ 64. Ke6 Rg6+ 65.
Nf6+ Rxf6+ 66. Kxf6 Qd8+ 67. Kxe5 Qg5+ 68. Kd6 Qf6+ 69. Kd5 Kf7 70. Qc7+ Kg6 71.
Qg3+ Kh6 72. Ke4 h4 73. Qf4+ Qg5 74. Qxg5+ Kxg5 75. Ke5 Kg6 76. Kf4 Kh5 77. Kf5
Kh6 78. Kg4 Kg6 79. Kxh4 Kh6 80. Kg4 Kg6 {Game drawn by mutual agreement}
1/2-1/2

[Event "Team 45 45 League T90"]
[Site "Internet Chess Club"]
[Date "2021.11.06"]
[Round "5"]
[White "g8wrb"]
[Black "seldredg"]
[Result "1-0"]
[WhiteElo "1291"]
[BlackElo "1307"]
[Opening "Pirc defense"]
[ECO "B07"]
[Time "13:02:36"]
[PlyCount "73"]
[TimeControl "2700+45"]

1. e4 d6 2. d4 Nf6 3. Nc3 Nbd7 4. Bd3 e5 5. d5 Be7 6. Nf3 h6 7. O-O O-O 8. Be3
b6 9. b4 Bb7 10. b5 Ng4 11. Qd2 Nxe3 12. Qxe3 Nc5 13. Rfd1 a6 14. a4 a5 15. Bc4
Bc8 16. h3 Nd7 17. Ne2 Nf6 18. Ng3 Nh7 19. Bd3 Ng5 20. Kh2 Nxf3+ 21. Qxf3 Bg5
22. Ra3 g6 23. Rc3 Qd7 24. Rc6 Bb7 25. Rc4 Bf4 26. Kg1 h5 27. Be2 Bxg3 28. Qxg3
Kh7 29. Rd3 Rg8 30. Rdc3 Rac8 31. Qg5 f6 32. Qh4 Qd8 33. Bxh5 gxh5 34. Qxh5+ Kg7
35. Rg3+ Kf8 36. Qh6+ Kf7 37. Qh7+ {Black resigns} 1-0

[Event "Team 45 45 League T90"]
[Site "Internet Chess Club"]
[Date "2021.11.10"]
[Round "5"]
[White "MrAbendroth"]
[Black "QuieroAprender"]
[Result "1-0"]
[WhiteElo "1693"]
[BlackElo "1624"]
[Opening "Ruy Lopez: Cozio defense"]
[ECO "C60"]
[Time "13:15:59"]
[PlyCount "79"]
[TimeControl "2700+45"]

1. e4 e5 2. Nf3 Nc6 3. Bb5 Nge7 4. O-O g6 5. d4 exd4 6. Nxd4 Bg7 7. c3 a6 8. Ba4
Nxd4 9. cxd4 b5 10. Bc2 Bb7 11. Be3 c5 12. Nc3 c4 13. d5 d6 14. a4 b4 15. Ne2
Bxb2 16. Rb1 Ba3 17. Qd4 O-O 18. Bh6 f6 19. Bxf8 Qxf8 20. Qb6 Qb8 21. Qd4 Kf7
22. Qe3 b3 23. Bxb3 Bc5 24. Qh3 cxb3 25. Rxb3 Qc7 26. Qxh7+ Kf8 27. Nf4 Bc8 28.
Nxg6+ Ke8 29. Qh8+ Kf7 30. Qf8+ Kxg6 31. Rg3+ Bg4 32. Rxg4+ Kh5 33. Rh4+ Kg6 34.
Qxa8 Qc8 35. Qxc8 Nxc8 36. Rh8 Nb6 37. Rb1 Nxa4 38. Rb7 Nc3 39. Rg8+ Kh6 40. Rg4
{Black resigns} 1-0

[Event "Team 45 45 League T90"]
[Site "Internet Chess Club"]
[Date "2021.11.04"]
[Round "5"]
[White "mongmong"]
[Black "evan7284"]
[Result "1-0"]
[WhiteElo "1525"]
[BlackElo "1610"]
[Opening "QGD Slav: 4.e3 Bf5"]
[ECO "D12"]
[Time "15:30:38"]
[PlyCount "119"]
[TimeControl "2700+45"]

1. d4 d5 2. Nf3 Nf6 3. e3 Bf5 4. c4 c6 5. Nc3 e6 6. Nh4 Bg4 7. Qb3 Qb6 8. h3 Bh5
9. g4 Bg6 10. Nxg6 hxg6 11. g5 Ng8 12. e4 Qxb3 13. axb3 Bb4 14. Bg2 Ne7 15. Bf4
Nd7 16. Ke2 Bxc3 17. bxc3 dxe4 18. Bxe4 Rh4 19. Kf3 a6 20. Bg3 Rh5 21. h4 O-O-O
22. Ke2 Nf5 23. Bxf5 exf5 24. f4 Rhh8 25. Rhe1 Rhe8+ 26. Kd2 Nb6 27. Rxe8 Rxe8
28. Re1 Rxe1 29. Bxe1 Kd7 30. Bf2 Nc8 31. d5 cxd5 32. cxd5 Nd6 33. Bd4 Ne4+ 34.
Kd3 Kd6 35. c4 f6 36. Ba7 fxg5 37. hxg5 Ng3 38. Bd4 Nh5 39. Ke3 b5 40. Bc3 bxc4
41. bxc4 Ng3 42. Bb4+ Kd7 43. Kd4 Ne2+ 44. Ke5 Nc1 45. Kd4 a5 46. Bf8 Ne2+ 47.
Ke3 Nc3 48. Bxg7 Ne4 49. Bf8 a4 50. Ba3 Nc3 51. Kd3 Nb1 52. Bb2 a3 53. Ba1 Kd6
54. Kd4 a2 55. c5+ Kd7 56. Ke5 Nd2 57. Kf6 Nb3 58. c6+ Kd6 59. Be5+ Kxd5 60. c7
{Black resigns} 1-0